 Dungeon Crawl Stone Soup version 0.28.0-53-g5a82cb258f (webtiles) character file.

Game seed: 12217921264150524192

359 safid the Cleaver (level 6, -14/52 HPs)
             Began as a Hill Orc Fighter on June 30, 2022.
             Demolished by an ogre
             ... wielding a +0 giant club
              (18 damage)
             ... on level 5 of the Dungeon.
             The game lasted 00:04:22 (3580 turns).

safid the Cleaver (Hill Orc Fighter)                Turns: 3580, Time: 00:04:23

Health: -14/52     AC: 12    Str: 21    XL:     6   Next: 65%
Magic:  6/6        EV:  5    Int:  8    God:
Gold:   72         SH:  4    Dex: 10    Spells: 5/5 levels left

rFire   . . .      SeeInvis .   a - +0 war axe
rCold   . . .      Faith    .   c - +0 buckler
rNeg    . . .      Spirit   .   v - +0 plate armour
rPois   .          Reflect  .   h - +0 helmet
rElec   .          Harm     .   (no cloak)
rCorr   +          Rampage  .   (no gloves)
Will    +....                   (no boots)
Stlth   ..........              (no amulet)
HPRegen 0.17/turn               q - ring of resist corrosion
MPRegen 0.10/turn               y - ring of willpower

@: no status effects
A: no striking features
a: no special abilities


You were on level 5 of the Dungeon.
You visited 1 branch of the dungeon, and saw 5 of its levels.

You collected 192 gold pieces.
You spent 120 gold pieces at shops.

Inventory:

Hand Weapons
 a - a +0 war axe (weapon)
Missiles
 g - 7 poisoned darts (quivered)
Armour
 c - a +0 buckler (worn)
 h - a +0 helmet (worn)
 v - a +0 plate armour (worn)
Jewellery
 b - an amulet of faith
 q - a ring of resist corrosion (left hand)
 y - a ring of willpower (right hand)
Scrolls
 e - 4 scrolls of amnesia {unknown}
 f - a scroll of enchant armour {unknown}
 k - a scroll of fog {unknown}
 l - 2 scrolls of teleportation {unknown}
 m - a scroll of vulnerability {unknown}
 p - a scroll of fear {unknown}
 r - 2 scrolls of blinking {unknown}
 t - a scroll of torment {unknown}
 u - 4 scrolls of identify
 z - a scroll of acquirement {unknown}
 B - a scroll of immolation {unknown}
Potions
 d - a potion of heal wounds {unknown}
 i - 4 potions of haste
 j - a potion of curing {unknown}
 n - 2 potions of attraction {unknown}
 o - a potion of flight {unknown}
 s - 2 potions of brilliance {unknown}
 w - a potion of mutation {unknown}
 x - a potion of cancellation {unknown}


   Skills:
 - Level 4.0 Fighting
 + Level 8.0 Axes
 - Level 4.0 Armour
 - Level 4.0 Shields


You had 5 spell levels left.
You didn't know any spells.
Your spell library contained the following spells:

 Spells                   Type           Power      Damage    Failure   Level
 Animate Skeleton         Necr           0%         N/A       100%        1
 Foxfire                  Conj/Fire      0%         2x1d4     100%        1
 Ignite Poison            Fire/Tmut/Pois 0%         N/A       100%        3


Dungeon Overview and Level Annotations

Branches:
Dungeon (5/15)             Temple (0/1) D:5

Altars:
Elyvilon
Fedhas
Kikubaaqudgha
Trog
Uskayaw
Xom
Zin
The Shining One

Shops:
D:4 =***[

Annotations:
D:5 Menkaure


Message History

An ogre comes into view. It is wielding a +0 giant club.
The ogre shouts!
You hear a shout! x2
Menkaure, Prince of Dust comes into view.
You start waiting.
An ogre is nearby!
Throw: 8 darts (poison)
Press: ? - help, Q - select action Shift-Dir - straight line, f - ogre
Aim: an ogre, wielding a +0 giant club (73% to hit)
You throw a poisoned dart. The poisoned dart hits the ogre.
Unknown command.
You hit the ogre but do no damage. You block the ogre's attack.
You barely miss the ogre. The ogre hits you with a +0 giant club!
You hit the ogre.
The ogre is lightly wounded.
The ogre hits you with a +0 giant club!
You slash the ogre!
The ogre is heavily wounded.
The ogre hits you but does no damage.
You completely miss the ogre.
The ogre is heavily wounded.
You slash the ogre!
The ogre is almost dead.
The ogre barely misses you.
You barely miss the ogre.
The ogre is almost dead.
The ogre hits you with a +0 giant club.
You barely miss the ogre.
The ogre is almost dead.
You block the ogre's attack.
You barely miss the ogre.
The ogre is almost dead.
You block the ogre's attack.
You barely miss the ogre.
The ogre is almost dead.
The ogre hits you with a +0 giant club!!
* * * LOW HITPOINT WARNING * * *
You completely miss the ogre.
The ogre is almost dead.
The ogre hits you with a +0 giant club!!
You die...

... #....# ###########.##
....##....##########.....#####.##
............)..#...#.....#...#.##
....######.###...⌠....>....⌠...##
... #.# ###[..#.....#...### ..
###.#########.....##### #
#.......<...####### #.(...#.#...#
#...[.#..@..# #.....####O###+##
########.......... #..........
............ ....##...#+###
...... #.#+# ...O.. ... ..... ...


You could see an ogre.

Vanquished Creatures
  Sigmund (D:5)
  A scorpion (D:4)
  A wyvern skeleton (D:5)
  An orc wizard (D:4)
  An adder (D:2)
  2 dart slugs (D:3)
  4 orcs (D:4)
  3 endoplasms
  4 giant cockroaches
  5 goblins
  5 hobgoblins
  4 jackals (D:1)
  A kobold (D:2)
  3 quokkas
  7 ball pythons
  3 bats
  3 frilled lizards
  2 rats
51 creatures vanquished.

Notes
Turn   | Place    | Note
-------+----------+-------------------------------------------
     0 | D:1      | safid the Hill Orc Fighter began the quest for the Orb.
     0 | D:1      | Reached XP level 1. HP: 19/19 MP: 1/1
    42 | D:1      | Reached XP level 2. HP: 17/27 MP: 2/2
    44 | D:1      | Reached skill level 3 in Axes
   463 | D:1      | Got the Disquisition on Stolen Souls and Flames
   925 | D:2      | Reached XP level 3. HP: 33/33 MP: 3/3
  1252 | D:2      | Found a faded altar of an unknown god.
  1799 | D:3      | Found a glowing golden altar of the Shining One.
  2042 | D:3      | Found a white marble altar of Elyvilon.
  2112 | D:3      | Found an ancient bone altar of Kikubaaqudgha.
  2112 | D:3      | Found a hide-covered altar of Uskayaw.
  2227 | D:3      | Found a faded altar of an unknown god.
  2231 | D:3      | Found a glowing silver altar of Zin.
  2282 | D:4      | Found Zadduf's Jewellery Shop.
  2471 | D:4      | Reached XP level 4. HP: 38/40 MP: 4/4
  2541 | D:4      | Found Alys's Assorted Antiques.
  2546 | D:4      | Found Bohusm's General Store.
  2547 | D:4      | Found Qarupus's Assorted Antiques.
  2547 | D:4      | Found Oceddoiffe's Antique Armour Boutique.
  2556 | D:4      | Bought a potion of haste for 100 gold pieces
  2556 | D:4      | Bought a scroll of identify for 20 gold pieces
  2763 | D:4      | Noticed a scorpion
  2770 | D:4      | Killed a scorpion
  2771 | D:4      | Reached skill level 5 in Axes
  2771 | D:4      | Reached XP level 5. HP: 31/46 MP: 5/5
  3181 | D:4      | Found a shimmering altar of Xom.
  3188 | D:4      | Found a bloodstained altar of Trog.
  3193 | D:4      | Found a blossoming altar of Fedhas.
  3378 | D:5      | Entered Level 5 of the Dungeon
  3401 | D:5      | Found a staircase to the Ecumenical Temple.
  3413 | D:5      | Noticed Sigmund
  3425 | D:5      | Killed Sigmund
  3426 | D:5      | Reached skill level 7 in Axes
  3426 | D:5      | Reached XP level 6. HP: 37/52 MP: 6/6
  3436 | D:5      | Reached skill level 8 in Axes
  3551 | D:5      | Identified the +10 dagger "Misyseoh" {vorpal, rPois Str-3
                  | SInv}
  3562 | D:5      | Noticed Menkaure
  3580 | D:5      | Demolished by an ogre

Illustrated notes

Levels and vault maps discovered:
D:1:      minmay_arrival_split_and_join, layout_basic,
          hangedman_abyss_or_decor_stabs
D:2:      layout_loops_ring, ebering_ecumenical_altar_abandoned,
          hangedman_abyss_or_decor_lesser_grid
D:3:      layout_basic, nicolae_elyvilon_temple_path,
          nicolae_overflow_ecumenical_swirl,
          mainiacjoe_overflow_small_starburst, minitemple,
          chequers_serial_rivers_large_a, minivault_14
D:4:      layout_loops_ring, minmay_overflow_temple_star_quad, serial_shops,
          nicolae_shop_stone, nicolae_wooded_promenade, minivault_5
D:5:      layout_basic, minmay_temple_entry_antechambers, uniq_menkaure,
          uniq_blork_the_orc, uniq_sigmund

Skill      XL: |  1  2  3  4  5  6 |
---------------+-------------------+-----
Axes           | 3 5 7 8 |  8.0
Fighting       | 4 |  4.0
Shields        | 4 |  4.0
Armour         | 4 |  4.0

Action                   |  1- 3 |  4- 6 || total
-------------------------+-------+-------++-------
Melee: War axe           |    98 |    44 ||   142
Throw: Dart              |       |     1 ||     1
  Use: Potion            |       |     1 ||     1
Armor: Scale mail        |    48 |       ||    48
       Plate armour      |    18 |    19 ||    37
Dodge: Dodged            |    40 |    10 ||    50
Block: Buckler           |    20 |     8 ||    28
